Unix NetHack Version 5.0.0-0 post-release - last build May 23 2026 06:08:33 (1c0ff79ee797540d5714e4e18072db0edd9e58ae,branch:main).

Game began 2026-05-27 18:28:14, ended 2026-05-27 21:46:47.

CyberFan, lawful male human Knight

 -------                                 --------                   ----
 |...|(|    ----------+-----          ###........#                  |...
 |.....|    |.........`.....#        ##  |..[..[|##                 |...|
 |.^...-##  |.........}....|#####f--#0##(..)[.[.| #             ####...>|
 --+---- #  |............(.-#####  ##    |.<.[._| #             #   --.--
         ###..........}....|      ##     -------- #             #     #
           #--------------.-      #               #             #     #
           ##             ###     #               #             #     #
           ##               #     #               #             #     #
            #               ###   #               ###       .| ## ----.---
            #####             #   #                 #    .....##  |......|
            #   # ------------.-- #                 ###|....$|    |......|
         $.|#   #%%.............| #                   #-.....-#   |......|
         $..#     |...%..........##                    --|----####.......|
         $.|      |.............|                        #        |......|
                  |.............|                                 --------
                  |.............|
                  -------

CyberFan the Sergeant    St:18/02 Dx:9 Co:18 In:5 Wi:15 Ch:18  Lawful
Dlvl:17 $:49 HP:0(80) Pw:89(89) AC:-2 Xp:11/12258 T:13115 

Latest messages:
 #
 What do you want to sacrifice? [v or ?*]
 Your sacrifice is consumed in a flash of light!
 You glimpse a four-leaf clover at your feet.
 What do you want to use or apply? [bcglortuCDGMPWX or ?*]
 y - 2 cursed clear potions.
 A - a cursed milky potion.
 H - a cursed white potion.
 i - 2 cursed potions of healing.
 What do you want to drop? [$a-ik-pr-uw-zA-Z or ?*]
 A potion of oil lands on the altar.
 u - an uncursed potion of oil.
 There are several objects here.
 You see here an orcish helm.
 There is a grave here.
 Something is engraved here on the headstone.
 You read: "Saved by the bell!"
 You see here a club.
 You see here a bell.
 With great effort you move the boulder.
 #
 What do you want to dip? [a-ik-pr-uwyzA-Z or ?*]
 Dip 2 cursed potions of healing into the fountain? [yn] (n)
 Your potions of healing dilute.
 #
 What do you want to dip? [a-ik-pr-uwyzA-Z or ?*]
 Dip 2 cursed diluted potions of healing into the fountain? [yn] (n)
 Your diluted potions of healing dilute further.
 #
 What do you want to dip? [a-ik-pr-uwyzA-Z or ?*]
 Dip 2 cursed clear potions into the fountain? [yn] (n)
 Water gushes forth from the overflowing fountain!
 The fountain dries up!
 You find a hidden door.
 The tengu vanishes and reappears close by.
 The large cat misses the tengu.
 The tengu vanishes!
 You swap places with your large cat.
 You hit the carnivorous ape!
 You hear a distant zap.
 The death ray misses the carnivorous ape.
 The death ray whizzes by you!
 The carnivorous ape hits!
 The carnivorous ape hits again!
 You hit the carnivorous ape!
 The carnivorous ape hits!
 The carnivorous ape misses!
 You kill the carnivorous ape!
 You hear a nearby zap.
 The death ray hits you!

Inventory:
 Coins    ('$')
  $ - 49 gold pieces
 Weapons  (')')
  a - the blessed rustproof +5 Excalibur (weapon in right hand)
 Armor    ('[')
  Q - an uncursed +0 dwarvish iron helm (being worn)
  d - an uncursed +0 pair of gauntlets of dexterity (being worn)
  F - an uncursed +0 pair of iron shoes (being worn)
  e - an uncursed +0 small shield (being worn)
  E - an uncursed +0 elven cloak (being worn)
  x - an uncursed +0 elven mithril-coat (being worn)
 Comestibles  ('%')
  Y - 2 uncursed jackfruits
  h - an uncursed C-ration
  J - 2 uncursed K-rations
  m - an uncursed pancake
 Scrolls  ('?')
  N - 2 uncursed scrolls of confuse monster
  L - an uncursed scroll of food detection
  T - 2 uncursed scrolls of light
  K - an uncursed scroll of remove curse
  I - an uncursed scroll of teleportation
  B - a cursed scroll of teleportation
 Potions  ('!')
  k - an uncursed potion of hallucination
  H - a cursed potion of object detection
  u - an uncursed potion of oil
  A - a cursed potion of paralysis
  i - 2 uncursed potions of water
  y - 2 potions of unholy water
 Rings    ('=')
  f - an uncursed ring of free action
  w - a cursed -1 ring of gain constitution
  z - a cursed ring of invisibility
  S - an uncursed ring of slow digestion
 Wands    ('/')
  D - an uncursed wand of cold (0:0)
  t - an uncursed wand of digging (0:2)
  P - an uncursed wand of fire (0:0)
  l - an uncursed wand of light (0:13)
  b - an uncursed wand of lightning (0:3)
  X - an uncursed wand of make invisible (0:6)
  G - an uncursed wand of sleep (0:0)
  c - an uncursed wand of speed monster (0:8)
  o - an uncursed wand of speed monster (0:3)
  r - an uncursed wand of teleportation (0:6)
  M - an uncursed wand of undead turning (0:5)
 Tools    ('(')
  C - an uncursed bag of holding containing 10 items
  g - an uncursed lock pick
  W - an uncursed magic whistle
 Gems/Stones  ('*')
  U - 2 uncursed jacinth stones
  s - an uncursed jade stone
  R - an uncursed obsidian stone
  n - an uncursed worthless piece of black glass
  O - an uncursed worthless piece of green glass
  Z - an uncursed worthless piece of orange glass
  V - 3 uncursed worthless pieces of violet glass
  p - an uncursed worthless piece of yellow glass

Contents of the bag of holding:
  an uncursed scroll of destroy armor
  an uncursed scroll of identify
  2 uncursed scrolls of magic mapping
  an uncursed scroll of remove curse
  an uncursed potion of booze
  a blessed potion of gain energy
  an uncursed potion of hallucination
  an uncursed potion of invisibility
  an uncursed potion of monster detection
  an uncursed potion of sickness

CyberFan the Knight's attributes:

Background:
 You were a Sergeant, a level 11 male human Knight.
 You were lawful, on a mission for Lugh
 who was opposed by Brigit (neutral) and Manannan Mac Lir (chaotic).
 You were right-handed.
 You were in the Dungeons of Doom, on level 17.
 You entered the dungeon 13115 turns ago.
 You had 12258 experience points, 7742 more were needed to attain level 12.

Basics:
 You had 0 out of 80 hit points.
 You had all 89 energy points (spell power).
 Your armor class was -2.
 Your wallet contained 49 zorkmids.
 Autopickup was on for '$%?!"=/*' plus thrown, with exceptions.

Final Characteristics:
 Your strength was 18/02 (limit:18/100).
 Your dexterity was 9 (peak:10, limit:18).
 Your constitution was 18 (limit:18).
 Your intelligence was 5 (limit:18).
 Your wisdom was 15 (limit:18).
 Your charisma was 18 (limit:18).

Final Status:
 You weren't hungry.
 You were unencumbered.
 You were wielding a long sword.
 You had expert skill with long sword.

Final Attributes:
 You were piously aligned.
 You were cold resistant.
 You were poison resistant.
 You were level-drain resistant.
 You were telepathic.
 You had automatic searching.
 You were stealthy.
 You could jump.
 You were guarded.
 You were fast.
 You were lucky.
 You are dead.

Miscellaneous:
 You disabled loading and storing of bones levels.
 Total elapsed playing time was 1 hour, 53 minutes and 4 seconds.

Major events:
 Turn
    1: CyberFan the lawful male human Knight entered the dungeon
  726: entered the Gnomish Mines
 1034: attained the rank of Esquire (level 3)
 2754: was given Excalibur by the Lady of the Lake
 3374: attained the rank of Bachelor (level 6)
 3805: reached Mine Town
 3960: read a Discworld novel
 5972: entered Sokoban
 6228: completed 1st Sokoban level
 6493: completed 2nd Sokoban level
 6767: completed 3rd Sokoban level
 7153: entered the Bigroom
 8802: attained the rank of Sergeant (level 10)
13115: killed by a death ray

You didn't know any spells.

Skills:
 Fighting Skills
   bare handed combat [Unskilled]
   two weapon combat  [Unskilled]
   riding             [Skilled]
 Weapon Skills
   dagger             [Unskilled]
   knife              [Unskilled]
   axe                [Unskilled]
   pick-axe           [Unskilled]
   short sword        [Unskilled]
   broadsword         [Unskilled]
   long sword         [Expert]
   two-handed sword   [Unskilled]
   saber              [Unskilled]
   club               [Unskilled]
   mace               [Unskilled]
   morning star       [Unskilled]
   flail              [Unskilled]
   hammer             [Unskilled]
   polearms           [Unskilled]
   spear              [Unskilled]
   trident            [Unskilled]
   lance              [Basic]
   bow                [Unskilled]
   crossbow           [Unskilled]
 Spellcasting Skills
   attack spells      [Unskilled]
   healing spells     [Unskilled]
   clerical spells    [Unskilled]

Voluntary challenges:
 Character rerolling was not enabled.
 You never genocided any monsters.
 You never polymorphed an object.
 You never changed form.
 You used no wishes.
 You violated the special Sokoban rules twice.
Achievements:
 You entered a shop.
 You entered the Gnomish Mines.
 You attained the rank of Esquire.
 You attained the rank of Bachelor.
 You entered Minetown.
 You entered a temple.
 You read from a Discworld novel.
 You entered Sokoban.
 You entered the Big Room.
 You attained the rank of Sergeant.

 The Dungeons of Doom: levels 1 to 19
    Level 1:
    Level 2:
       A general store, some fountains.
    Level 3:
       A general store, a sink.
       Stairs down to The Gnomish Mines.
    Level 4:
       A food shop, a fountain.
    Level 5:
       A potion shop, a sink.
    Level 6:
       A grave.
    Level 7:
       Many fountains.
    Level 8:
       Stairs up to Sokoban, level 7.
    Level 9:
    Level 10:
       A fountain, a sink.
    Level 11:
       Many trees.
       A very big room.
    Level 12:
       A fountain.
    Level 13:
       Some fountains.
    Level 14:
       Summoned by King Arthur.
    Level 15:
       A primitive area.
    Level 16:
       A temple and an altar.
    Level 17: <- You were here.
       An altar to Lugh, some graves.
       Final resting place for
          you, killed by a death ray.
    Level 18:
    Level 19:
       A fountain.
 The Gnomish Mines: levels 4 to 7
    Level 4:
    Level 5:
    Level 6:
    Level 7:
       Many shops, a temple and an altar, some fountains.
 Sokoban: levels 7 up to 5
    Level 5:
       Solved.
    Level 6:
       Solved.
    Level 7:
       Solved.


Vanquished creatures:
  a clay golem
  a vampire
  a lieutenant
  a ghost
  2 queen bees
  a large mimic
  a fire elemental
  a giant zombie
  3 sergeants
  a warg
  3 small mimics
  3 xans
  a quantum mechanic
  3 trolls
  2 wood golems
  3 gelatinous cubes
  a large dog
  a flaming sphere
  a large cat
  a mountain centaur
  a human mummy
  a python
  a wraith
  a carnivorous ape
  2 leather golems
  8 Grey-elves
  3 soldiers
 an amorous demon
  2 chameleons
  a crocodile
  2 giant beetles
  2 quivering blobs
  3 cockatrices
  2 wolves
  a panther
  3 gremlins
  a spotted jelly
 46 leprechauns
 an orc-captain
  a giant spider
  2 rust monsters
  2 owlbears
  a gold golem
  2 werewolves
  4 lizards
  a blue jelly
  3 dust vortices
  a raven
  a plains centaur
  2 gnome mummies
  2 snakes
  4 apes
  a rope golem
  6 fire ants
  a quasit
  a water nymph
  5 mountain nymphs
 12 Mordor orcs
  2 Uruk-hai
 an orc shaman
  a rock piercer
  a rock mole
  a pony
  a fog cloud
  6 yellow lights
  a shrieker
  a violet fungus
  7 gnome leaders
  4 gnomish wizards
  4 gray oozes
  a barrow wight
  7 elf zombies
  a ghoul
  a straw golem
  8 giant ants
  a floating eye
  6 dwarves
  a homunculus
  a kobold leader
  a kobold shaman
  7 hill orcs
  9 rothes
  2 rabid rats
  3 giant bats
  2 dwarf zombies
  6 iguanas
 56 killer bees
  2 acid blobs
  a coyote
  a gas spore
  2 hobbits
  4 manes
  2 large kobolds
  a hobgoblin
  2 cave spiders
  a yellow mold
  a red mold
 29 gnomes
 19 garter snakes
  a gnome zombie
  5 geckos
  4 jackals
  3 foxes
  a kobold
  4 goblins
  5 sewer rats
 11 grid bugs
  3 bats
  7 lichens
  3 kobold zombies
  7 newts
428 creatures vanquished.

No species were genocided or became extinct.

Game over:
                       ----------
                      /          \
                     /    REST    \
                    /      IN      \
                   /     PEACE      \
                  /                  \
                  |     CyberFan     |
                  |      49 Au       |
                  |   killed by a    |
                  |    death ray     |
                  |                  |
                  |                  |
                  |       2026       |
                 *|     *  *  *      | *
        _________)/\\_//(\/(/\)/\//\/|_)_______

Fare thee well CyberFan the Knight...

You died in The Dungeons of Doom on dungeon level 17 with 50037 points,
and 49 pieces of gold, after 13115 moves.
You were level 11 with a maximum of 80 hit points when you died.

